 Dungeon Crawl Stone Soup version 0.30.0-29-ga12c61a403 (webtiles) character file.

Game seed: 11328214879056782652

292 seaoflcl the Chopper (level 6, -2/55 HPs)
             Began as a Minotaur Fighter on June 9, 2023.
             Succumbed to an orc wizard's poison
             ... on level 4 of the Dungeon.
             The game lasted 00:02:44 (2779 turns).

seaoflcl the Chopper (Minotaur Fighter)             Turns: 2779, Time: 00:02:45

Health: -2/55      AC:  9    Str: 22    XL:     6   Next: 10%
Magic:  5/5        EV:  9    Int:  5    God:
Gold:   250        SH:  0    Dex: 10    Spells: 5/5 levels left

rFire   . . .        a - +0 war axe
rCold   . . .        c - +0 buckler
rNeg    . . .        b - +0 scale mail
rPois   .            (helmet restricted)
rElec   .            (no cloak)
rCorr   .            j - +1 pair of gloves {Stlth+}
SInv    .            (no boots)
Will    .....        (no amulet) Stlth
                     (no ring)
HPRegen 0.29/turn    (no ring)
MPRegen 0.09/turn

%: no passive effects
@: confused, lethally poisoned (-2 -> -14), attractive
A: horns 2, retaliatory headbutt
a: no special abilities


You were on level 4 of the Dungeon.
You visited 1 branch of the dungeon, and saw 4 of its levels.

You collected 250 gold pieces.

Inventory:

Hand Weapons
 a - a +0 war axe (weapon)
Missiles
 h - 7 poisoned darts (quivered)
 i - 5 boomerangs
 v - a throwing net
Armour
 b - a +0 scale mail (worn)
 c - a +0 buckler (worn)
 j - a +1 pair of gloves of stealth (worn)
Jewellery
 l - a ring of see invisible
Wands
 u - a wand of flame (23)
Scrolls
 e - 8 scrolls of identify {unknown}
 g - 2 scrolls of teleportation {unknown}
 n - a scroll of amnesia {unknown}
 o - 2 scrolls of vulnerability {unknown}
 q - a scroll of butterflies {unknown}
 r - a scroll of fog {unknown}
 s - a scroll of poison {unknown}
 t - 2 scrolls of blinking {unknown}
 x - a scroll of enchant weapon {unknown}
Potions
 d - a potion of might
 m - a potion of heal wounds {unknown}
 p - a potion of invisibility {unknown}
 w - a potion of flight {unknown}


   Skills:
 + Level 4.8 Fighting
 * Level 5.3 Axes
 + Level 4.9 Armour
 + Level 4.8 Shields


You had 5 spell levels left.
You didn't know any spells.
Your spell library contained the following spells:

 Spells                   Type           Power      Damage    Failure   Level
 Freeze                   Ice            0%         1d3       85%         1
 Frozen Ramparts          Ice            0%         1d1       99%         3
 Hailstorm                Conj/Ice       0%         3d3       99%         3


Dungeon Overview and Level Annotations

Branches:
Dungeon (4/15)
 Temple: D:4-7

Altars:
Gozag

Shops:
D:1 (

Annotations:
D:4 Menkaure


Innate Abilities, Weirdness & Mutations

You have a pair of horns on your head.
You reflexively headbutt those who attack you in melee.


Message History

You barely miss something. You completely miss the orc.
You closely miss the orc. The orc hits you with a +0 whip.
The orc closely misses you. Something hits you but does no damage.
You are poisoned.
You slash the orc!
You kill the orc!
You hit the orc. You closely miss something.
You feel very sick. You block the orc's attack. Something hits you.
You are more poisoned.
The orc barely misses you. You furiously retaliate!
You headbutt the orc!
You kill the orc!
The orc hits you but does no damage. Something hits you.
You are more poisoned.
Something hits you.
You are lethally poisoned!
You feel extremely sick. The orc attacks as you move away!
The orc hits you with a +0 club.
Menkaure, Prince of Dust comes into view.
* * * LOW HITPOINT WARNING * * *
You feel extremely sick.
Menkaure shouts!
You barely miss the orc. Your headbutt misses the orc.
* * * LOW HITPOINT WARNING * * *
You feel extremely sick.
You hear some strange, mumbled words.
You are confused.
It was a potion of magic.
Magic courses through your body.
* * * LOW HITPOINT WARNING * * *
You feel very sick. The orc closely misses you.
You hear some strange, mumbled words.
A puff of flame appears from out of thin air!
The puff of flame hits you.
* * * LOW HITPOINT WARNING * * *
Unknown command.
Unknown command.
Unknown command.
It was a potion of attraction.
You feel attractive to monsters.
You die...

##..†#.........##
##................
..............#..#
......##.##..##..#
..........#.###..# ##
......#..#....#..# ##..#
..#..###.##......#......
....###..#....##.#......
.<...##.......##@o...M..
.....).........#l##.....
........####...){)# ...
......... #..##).# .
....##... #.###...#
....## .. #... ......
#...# ...... ........
..... ..... ###.).....
.... .......


You could see Menkaure, an iguana and an orc.

Vanquished Creatures
  An ice beast (D:3)
  A hound (D:4)
  An iguana (D:3)
  An orc wizard (D:3)
  3 adders
  2 worms
  A dart slug (D:2)
  7 orcs
  4 ball pythons
  11 endoplasms
  5 giant cockroaches
  5 goblins
  8 hobgoblins
  3 jackals (D:2)
  4 kobolds
  3 quokkas
  4 bats
  4 frilled lizards
  5 rats
73 creatures vanquished.

Notes
Turn   | Place    | Note
-------+----------+-------------------------------------------
     0 | D:1      | seaoflcl the Minotaur Fighter began the quest for the Orb.
     0 | D:1      | Reached XP level 1. HP: 19/19 MP: 0/0
    25 | D:1      | Found Ysugos's Weapon Emporium.
   119 | D:1      | Reached XP level 2. HP: 25/27 MP: 1/1
   195 | D:1      | Reached skill level 3 in Axes
   646 | D:1      | Reached XP level 3. HP: 33/33 MP: 2/2
  1337 | D:2      | Identified the +6 spear "Rucriem" {vamp, Int+3}
  1622 | D:2      | Found a faded altar of an unknown god.
  1737 | D:3      | Reached XP level 4. HP: 40/40 MP: 3/3
  1747 | D:3      | Reached skill level 4 in Axes
  1938 | D:3      | Noticed an ice beast
  1951 | D:3      | Killed an ice beast
  1952 | D:3      | Reached XP level 5. HP: 24/47 MP: 4/4
  2283 | D:3      | Reached skill level 5 in Axes
  2388 | D:3      | Found an opulent altar of Gozag.
  2734 | D:4      | Reached XP level 6. HP: 52/55 MP: 5/5
  2776 | D:4      | Noticed Menkaure
  2778 | D:4      | HP: 2/55 [poisoned by an orc wizard]
  2779 | D:4      | Succumbed to an orc wizard's poison

Illustrated notes

Levels and vault maps discovered:
D:1:      ncdulo_wetmaze, layout_loops_ring, serial_shops, shop
D:2:      layout_basic, dilly_ecumenical_altar_fadedgnrine,
          minmay_gold_behind_fungi
D:3:      layout_basic, mainiacjoe_overflow_chevrons
D:4:      layout_cave_pools, minmay_temple_entry_wispy, uniq_menkaure

Skill      XL: |  1  2  3  4  5 |
---------------+----------------+-----
Axes           | 3 4 5 |  5.3
Fighting       | 4 |  4.8
Armour         | 4 |  4.9
Shields        | 4 |  4.8

Action                     |  1- 3 |  4- 6 || total
---------------------------+-------+-------++-------
  Melee: War axe           |   102 |    68 ||   170
         Headbutt          |    10 |    11 ||    21
    Use: Potion            |       |     2 ||     2
 Armour: Scale mail        |    41 |    30 ||    71
  Dodge: Dodged            |    37 |    32 ||    69
  Block: Buckler           |    22 |    14 ||    36
